 Dungeon Crawl Stone Soup version 0.18-a0-1784-ga939a68 (webtiles) character file.

23 FishnChips the Skirmisher (level 2, 0/24 HPs)
             Began as a Demonspawn Abyssal Knight on Apr 18, 2016.
             Was a Believer of Lugonu.
             Slain by an adder (5 damage)
             ... on level 1 of the Dungeon.
             The game lasted 00:04:00 (710 turns).

FishnChips the Skirmisher (DsAK)                     Turns: 710, Time: 00:04:01

Health: 0/24       AC:  3    Str: 12    XL:     2   Next: 75%
Magic:  3/3        EV: 11    Int: 13    God:    Lugonu [**....]
Gold:   54         SH:  0    Dex: 12    Spells: 0 memorised, 1 level left

rFire  . . .     SeeInvis .     a - +1 spear
rCold  . . .     Gourm    .     b - +0 leather armour
rNeg   . . .     Faith    .     (no shield)
rPois  .         Spirit   .     (helmet restricted)
rElec  .         Dismiss  .     (no cloak)
rCorr  .         Reflect  .     (no gloves)
SustAt .         Harm     .     (no boots)
MR     .....                    (no amulet)
Stlth  +.........               (no ring)
                                (no ring)

@: lethally poisoned (0 -> -1), not resistant to hostile enchantments, very
unstealthy
A: horns 1
a: Depart the Abyss, Bend Space, Renounce Religion


You were on level 1 of the Dungeon.
You worshipped Lugonu.
Lugonu was pleased with you.
You were not hungry.

You visited 1 branch of the dungeon, and saw 2 of its levels.
You visited the Abyss 1 time.

You collected 54 gold pieces.

Inventory:

Hand Weapons
 a - a +1 spear (weapon)
Armour
 b - a +0 leather armour (worn)
Scrolls
 h - a scroll of amnesia {unknown}
 i - a scroll of fear {unknown}
 k - a scroll of enchant weapon {unknown}
 l - a scroll of random uselessness {unknown}
 m - a scroll of identify {unknown}
Potions
 e - a potion of curing {unknown}
 j - a potion of might {unknown}
 n - 2 potions of magic {unknown}
 o - a potion of agility {unknown}
Comestibles
 c - a bread ration
 d - 2 fruits
 f - a meat ration
 g - a beef jerky


   Skills:
 + Level 3.4 Fighting
 + Level 2.1 Polearms
 + Level 1.9 Armour
 + Level 1.1 Dodging
 + Level 0.2 Stealth
 + Level 2.6 Invocations


You had one spell level left.
You didn't know any spells.

Dungeon Overview and Level Annotations

Branches:
Dungeon (2/15)

Altars:


Innate Abilities, Weirdness & Mutations

You have a pair of small horns on your head.


Message History

There is a stone staircase leading down here.
You feel sick.
You hit the adder.
The adder is heavily wounded.
The adder closely misses you. The adder bites you but does no damage.
You barely miss the adder.
The adder is heavily wounded.
The adder bites you but does no damage.
You miss the adder.
The adder is heavily wounded.
The adder bites you but does no damage.
You hit the adder but do no damage.
The adder is heavily wounded.
You feel sick. The adder bites you.
You closely miss the adder.
The adder is heavily wounded.
The adder bites you.
* * * LOW HITPOINT WARNING * * *
The adder bites you.
You die...

#)##.#########'###'#####
#.#
#.##...................#
#.#
#..##########..........#
#.#
##.#...................#
#.#
#...#########'#.#.#####
#.# ##....#.....#.#.#.#
#.# #..#.#.###..>#.#.#
#.# ##.#.#.##...S#.#.#
#.# #...#......@..#.#
#.# ##...(.######.#.###
#.# #............#...#
#.# ##.#############.#
#.# #.............>.#
#.# #################
#.# #.# #.# #.#


You could see an adder.

Vanquished Creatures
  A dart slug (D:1)
  A giant cockroach (D:1)
  3 goblins (D:1)
  3 hobgoblins (D:1)
  6 jackals (D:1)
  A bat (D:1)
  A giant newt (D:1)
  4 rats (D:1)
20 creatures vanquished.

Notes
Turn   | Place    | Note
--------------------------------------------------------------
     0 | Abyss:1  | FishnChips the Demonspawn Abyssal Knight began the quest for the Orb.
     0 | Abyss:1  | Reached XP level 1. HP: 18/18 MP: 2/2
     9 | D:1      | Escaped the Abyss
    20 | D:1      | Reached skill level 1 in Dodging
   117 | D:1      | Gained mutation: You have a pair of small horns on your head. [demonic ancestry]
   117 | D:1      | Reached XP level 2. HP: 21/24 MP: 3/3
   217 | D:1      | Reached ** piety under Lugonu
   710 | D:1      | Slain by an adder

Vault maps used:
D:1:      minmay_arrival_four_circles
D:2:      kennysheep_slug_shrine, serial_park_tiny_2

Skill      XL: |  1  2 |
---------------+-------+-----
Dodging        | 1 |  1.1
Polearms       | 2 |  2.1
Fighting       | |  3.4
Armour         | |  1.9
Stealth        | |  0.2
Invocations    | |  2.6

Action                   || total
-------------------------++-------
Melee: Spear             ||    69
       Headbutt          ||     6
 Stab: Sleeping          ||     1
Armor: Leather armour    ||    23
Dodge: Dodged            ||    21
